 Dungeon Crawl Stone Soup version 0.31-a0-496-g6f97920a28 (webtiles) character file.

Game seed: 5968107734274650910

102 AstroCodex24 the Trooper (level 4, -3/35 HPs)
             Began as a Vampire Fighter on Aug 8, 2023.
             Slain by a gnoll
             ... wielding a +0 spear
              (5 damage)
             ... on level 5 of the Dungeon.
             The game lasted 00:02:14 (335 turns).

AstroCodex24 the Trooper (Vampire Fighter)           Turns: 335, Time: 00:02:15

Health: -3/35      AC:  7    Str: 17    XL:     4   Next: 50%
Magic:  4/4        EV:  9    Int: 10    God:
Gold:   5          SH:  4    Dex: 13    Spells: 3/3 levels left

rFire   . . .        a - +0 war axe
rCold   . . .        c - +0 buckler
rNeg    . . .        b - +0 scale mail
rPois   .            (no helmet)
rElec   .            (no cloak)
rCorr   .            (no gloves)
SInv    +            f - +0 pair of boots
Will    .....        (no amulet) Stlth
                     (no ring)
HPRegen 0.45/turn    (no ring)
MPRegen 0.09/turn

%: no passive effects
@: healing quickly
A: alive, fangs 3, see invisible, vampiric 2
a: Exsanguinate


You were on level 5 of the Dungeon.
You visited 1 branch of the dungeon, and saw 5 of its levels.

You collected 5 gold pieces.

Inventory:

Hand Weapons
 a - a +0 war axe (weapon)
Armour
 b - a +0 scale mail (worn)
 c - a +0 buckler (worn)
 f - a +0 pair of boots (worn)
 h - a +0 helmet
Scrolls
 e - a scroll of silence {unknown}
 g - 3 scrolls of identify {unknown}
Potions
 d - a potion of might


   Skills:
 + Level 3.4 Fighting
 + Level 2.9 Axes
 + Level 2.9 Armour
 + Level 0.1 Dodging
 + Level 3.2 Shields


You had 3 spell levels left.
You didn't know any spells.
Your spell library was empty.

Dungeon Overview and Level Annotations

Branches:
Dungeon (5/15)
 Temple: D:4-7

Altars:

Shops:
D:4 [


Innate Abilities, Weirdness & Mutations

Your natural rate of healing is accelerated.
You have razor-sharp teeth.
You have supernaturally acute eyesight. (SInv)
You are afflicted with vampirism and can become a bat while bloodless.


Message History

There is an entrance to Qoodieza's Antique Armour Shoppe here.
There is a stone staircase leading down here.
You climb downwards.
You hear the hiss of flowing sand.
There is an entrance to an ossuary on this level.
Hurry and find it before the portal is buried!
There is a stone staircase leading up here.
You open the door. 3 gnolls come into view.
The gnoll shouts! x3
A gnoll comes into view. It is wielding a +0 spear.
The gnoll hits you from afar with a +0 halberd.
There is an open door here.
You slash the gnoll!
The gnoll is almost dead.
You hit the gnoll. The gnoll barely misses you.
The gnoll hits you but does no damage. x2
You hit the gnoll.
You kill the gnoll!
You hit the gnoll. The gnoll hits you but does no damage.
The gnoll barely misses you. The gnoll hits you but does no damage.
You block the gnoll's attack. The gnoll barely misses you.
The gnoll hits you with a +0 whip.
You see here a +0 flail.
You slash the gnoll!
The gnoll is almost dead.
You hit the gnoll but do no damage. You block the gnoll's attack. x2
The gnoll closely misses you. The gnoll hits you with a +0 whip.
The gnoll hits you with a +0 halberd!
* * * LOW HITPOINT WARNING * * *
You completely miss the gnoll.
The gnoll is almost dead.
You barely miss the gnoll. The gnoll barely misses you.
You block the gnoll's attack. The gnoll hits you with a +0 whip.
* * * LOW HITPOINT WARNING * * *
You barely miss the gnoll.
The gnoll is almost dead.
You hit the gnoll. The gnoll hits you with a +0 halberd!
* * * LOW HITPOINT WARNING * * *
The gnoll hits you from afar with a +0 spear.
You die...

#.#.#.#
#.#.# ..
#.#.# ##
#.#.#
#.#.#
#.#.#
#.#<#
#####g####
#..g.@...#
#....g...#
#........#
#####+####


You could see 3 gnolls.

Vanquished Creatures
  A scorpion (D:4)
  A gnoll (D:5)
  An adder (D:3)
  A worm (D:3)
  A ball python (D:1)
  2 bats
  2 endoplasms
  3 giant cockroaches
  2 goblins (D:1)
  3 kobolds
  2 quokkas (D:1)
  2 rats (D:1)
21 creatures vanquished.

Notes
Turn   | Place    | Note
-------+----------+-------------------------------------------
     0 | D:1      | AstroCodex24 the Vampire Fighter began the quest for the
                  | Orb.
     0 | D:1      | Reached XP level 1. HP: 17/17 MP: 1/1
    35 | D:1      | Reached XP level 2. HP: 15/23 MP: 2/2
   198 | D:3      | Gained mutation: You are afflicted with vampirism and can
                  | become a bat while bloodless. [Vampire growth]
   198 | D:3      | Reached XP level 3. HP: 28/29 MP: 3/3
   275 | D:4      | Found Qoodieza's Antique Armour Shoppe.
   278 | D:4      | Noticed a scorpion
   296 | D:4      | Killed a scorpion
   297 | D:4      | Reached XP level 4. HP: 31/35 MP: 4/4
   311 | D:5      | Entered Level 5 of the Dungeon
   335 | D:5      | Slain by a gnoll

Illustrated notes

Levels and vault maps discovered:
D:1:      nzn_arrival_crosshair, layout_basic, chequers_ecumenical_altar_grove,
          st_stairs_10
D:2:      layout_basic
D:3:      layout_basic, gammafunk_ghost_split
D:4:      gammafunk_wand_slinger, layout_cave_pools,
          nicolae_dithmenos_through_a_glass_darkly, serial_shops, shop
D:5:      layout_basic, serial_shops, nicolae_shop_stone,
          nicolae_shop_just_a_little_nook, shop, nicolae_shop_behind_doors,
          nicolae_square_shop, enter_ossuary_5, kennysheep_generic_room_9,
          uniq_sigmund

Skill      XL: |  1  2 |
---------------+-------+-----
Axes           | 2 |  2.9
Fighting       | 3 |  3.4
Shields        | 3 |  3.2
Armour         | |  2.9
Dodging        | |  0.1

Action                     |  1- 3 |  4- 6 || total
---------------------------+-------+-------++-------
  Melee: War axe           |    40 |     5 ||    45
         Bite              |     4 |       ||     4
 Armour: Scale mail        |    31 |     4 ||    35
  Dodge: Dodged            |    26 |     5 ||    31
  Block: Buckler           |     6 |     4 ||    10

Table legend: (Time is in decaauts)
 A = Elapsed time spent in this place.
 B = Non-inter-level travel time spent in this place.
 C = Inter-level travel time spent in this place.
 D = Time resting spent in this place.
 E = Time spent auto-exploring this place.
 F = Levels seen in this place.
 G = Mean time per level.
                   A        B        C        D        E       F      G
               +--------+--------+--------+--------+--------+-----+--------+
         Total |    353 |    351 |      2 |      0 |      0 |   5 |   70.6 |
       Dungeon |    353 |    351 |      2 |      0 |      0 |   5 |   70.6 |
               +--------+--------+--------+--------+--------+-----+--------+

Top non-repeatable levels by time:
     D:4: 116 daAuts
     D:1: 110 daAuts
     D:3: 79 daAuts
     D:5: 25 daAuts
     D:2: 21 daAuts
